Map: Odyssey LE

Players

Epic - Winner!

  • Race: Terran Terran
  • League: Grandmaster
  • Spawn Location: 5:00

Psych

  • Race: Terran Terran
  • League: Grandmaster
  • Spawn Location: 11:00

Event: HopeTL

VOD

https://www.youtube.com/watch?v=fIOJgj8wW98&list=PL9QsjkBYtQM7NVZEDVfaNugqO61aBOlm6&index=1

Description

Time

  • Played on: Oct. 3, 2017, 7:17 p.m.
  • Length: 5:05
Show
View Real Time Build Order
Export as new Build Order

Epic Terran - Winner!

Build Orders: 1/1/1, Cyclone Opening 

Get SALT Encoding   

  12  0:00  SCV  
  13  0:12  SCV  
  14  0:17  Supply Depot  
  14  0:24  SCV  
  14  0:27  Refinery  
  15  0:38  SCV  
  16  0:44  Barracks  
  16  0:50  SCV  
  16  0:54  Refinery  
  17  1:02  SCV  
  18  1:15  SCV  
  19  1:31  Reaper  
  20  1:33  Factory  
  20  1:36  Orbital Command  
  20  1:46  Supply Depot  
  20  2:02  SCV  
  20  2:03  Reaper  
  22  2:16  Cyclone  
  22  2:18  SCV  
  26  2:25  Starport  
  26  2:30  SCV  
  27  2:39  Supply Depot  
  27  2:45  Marine  
  27  2:48  Cyclone  
  31  2:51  SCV  
  31  3:01  Medivac  
  31  3:03  Supply Depot  
  31  3:05  SCV  
  34  3:08  Marine  
  35  3:17  SCV  
  36  3:23  Factory Tech Lab  
  36  3:26  Marine  
  37  3:28  Supply Depot  
  37  3:31  Viking  
  39  3:34  SCV  
  40  3:47  Marine  
  40  3:52  SCV  
  41  3:56  Cyclone  
  44  4:06  SCV  
  45  4:11  Command Center  
  45  4:20  SCV  
  45  4:30  Barracks Reactor  
  45  4:32  SCV  
  46  4:44  SCV  
  49  4:54  Supply Depot  
  49  4:55  Factory Tech Lab  
Show
View Real Time Build Order
Export as new Build Order

Psych Terran 

Build Orders: 1/1/1, Cyclone Opening 

Get SALT Encoding   

  12  0:00  SCV  
  13  0:12  SCV  
  14  0:17  Supply Depot  
  14  0:24  SCV  
  15  0:28  Refinery  
  15  0:38  SCV  
  16  0:44  Barracks  
  16  0:51  SCV  
  16  0:55  Refinery  
  17  1:03  SCV  
  18  1:16  SCV  
  19  1:31  Reaper, Orbital Command  
  20  1:34  Factory  
  20  1:45  Supply Depot  
  20  1:56  SCV  
  21  2:03  Reaper  
  22  2:08  SCV  
  23  2:20  Cyclone  
  23  2:21  SCV  
  27  2:24  Starport  
  27  2:33  Supply Depot, SCV  
  27  2:36  Reaper  
  29  2:45  SCV  
  30  2:54  Cyclone  
  30  2:57  SCV  
  34  3:02  Starport Tech Lab  
  34  3:09  SCV  
  35  3:21  SCV  
  36  3:29  Command Center  
  36  3:33  Raven, SCV  
  39  3:36  Supply Depot  
  38  3:45  SCV  
  39  3:56  Barracks Reactor, Factory Tech Lab  
  39  3:58  SCV  
  39  4:00  Barracks  
  40  4:10  SCV  
  37  4:22  SCV  
  24  4:41  SCV  
Tags
 
Add a new tag
Caveats
  • Supply blocks, unpowered buildings, or Contaminate may cause inaccurate times.
  • Supply counts are checked every 10 seconds.